 Dungeon Crawl Stone Soup version 0.21.0-3-g78d12a8 (webtiles) character file.

13855 mopl the Jinx (level 11, -18/68 HPs)
             Began as a Mummy Enchanter on Jan 16, 2018.
             Was an Initiate of Gozag.
             Demolished by a komodo dragon (29 damage)
             ... on level 1 of the Lair of Beasts.
             The game lasted 00:40:48 (19680 turns).

mopl the Jinx (Mummy Enchanter)                    Turns: 19680, Time: 00:40:49

Health: -18/68     AC:  7    Str: 12    XL:     11   Next: 81%
Magic:  0/17       EV: 12    Int: 14    God:    Gozag
Gold:   1992       SH:  0    Dex: 16    Spells: 7/18 levels left

rFire    x . .     SeeInvis .   a - +2 dagger (chaos)
rCold    + . .     Gourm    .   (no shield)
rNeg     + + +     Faith    .   k - +0 robe
rPois    ∞         Spirit   +   x - +2 helmet
rElec    .         Reflect  .   O - scarf {Spirit}
rCorr    .         Harm     .   u - +0 pair of gloves
MR       +....                  h - +0 pair of boots
Stlth    ++++++....             (no amulet)
HPRegen  0.21/turn              g - ring of stealth
MPRegen  0.15/turn              (no ring)

@: no status effects
A: no food or potions, fire vulnerability, cold resistance 1, negative energy
resistance 3, torment resistance, unbreathing
a: Potion Petition, Call Merchant, Bribe Branch, Renounce Religion


You were on level 1 of the Lair of Beasts.
You worshipped Gozag.
Gozag was most pleased with you.
You were not hungry.

You visited 2 branches of the dungeon, and saw 13 of its levels.

You collected 2081 gold pieces.
You paid 89 gold pieces to Gozag.

Inventory:

Hand Weapons
 a - a +2 dagger of chaos (weapon)
 b - a +0 blowgun
 n - a +1 short sword of speed
 p - a +1 dagger
 E - a +2 rapier of draining
 I - a +1 dagger of venom
Missiles
 j - 110 poisoned needles
 v - 12 tomahawks (quivered)
 N - a throwing net
Armour
 h - a +0 pair of boots (worn)
 k - a +0 robe (worn)
 q - the +2 ring mail "Putecw" {Int+2}
   (You found it on level 6 of the Dungeon)

   It affects your intelligence (+2).
 u - a +0 pair of gloves (worn)
 x - a +2 helmet (worn)
 A - the +3 leather armour of Magic {MR++}
   (You took it off an orc on level 7 of the Dungeon)

   It affects your resistance to hostile enchantments.
 L - a +2 shield
 M - the -6 pair of gloves of Moiczod {rElec Dex-4 SInv}
   (You found it on level 11 of the Dungeon)

   It affects your dexterity (-4).
   It insulates you from electricity.
   It lets you see invisible.
 O - a scarf of spirit shield (worn)
Jewellery
 g - a ring of stealth (left hand)
 B - an uncursed ring of ice
Wands
 w - a wand of iceblast (11)
 C - a wand of random effects (35)
 D - a wand of paralysis (23)
 F - a wand of polymorph (15)
 G - a wand of flame (47)
 J - a wand of disintegration (13)
 P - a wand of acid (11)
Scrolls
 d - 8 scrolls of teleportation
 e - 2 scrolls of random uselessness {unknown}
 f - 2 scrolls of fog
 i - 3 scrolls of remove curse
 l - a scroll of vulnerability {unknown}
 m - 2 scrolls of enchant weapon
 o - 3 scrolls of amnesia
 r - 4 scrolls of fear
 s - 3 scrolls of blinking
 y - a scroll of immolation
 H - 3 scrolls of magic mapping
 K - a scroll of enchant armour
 Q - a scroll of summoning {unknown}
Books
 c - a book of Maledictions

   Spells                             Type                      Level
   a - Corona                         Hexes                        1
   b - Ensorcelled Hibernation        Hexes/Ice                    2
   c - Confuse                        Hexes                        3
   d - Tukima's Dance                 Hexes                        3
   e - Dazzling Spray                 Conjuration/Hexes            3
 t - a Young Poisoner's Handbook

   Spells                             Type                      Level
   a - Sting                          Conjuration/Poison           1
   b - Poisonous Vapours              Poison/Air                   2
   c - Mephitic Cloud                 Conjuration/Poison/Air       3
   d - Olgreb's Toxic Radiance        Poison                       4
   e - Venom Bolt                     Conjuration/Poison           5
 z - a book of Air

   Spells                             Type                      Level
   a - Shock                          Conjuration/Air              1
   b - Swiftness                      Charms/Air                   2
   c - Static Discharge               Conjuration/Air              3
   d - Airstrike                      Air                          4
   e - Lightning Bolt                 Conjuration/Air              5


   Skills:
 + Level 6.6 Short Blades
 - Level 1.5 Dodging
 * Level 10.5 Stealth
 - Level 4.0 Spellcasting
 - Level 4.0 Conjurations
 * Level 10.7 Hexes
 - Level 4.0 Ice Magic


You had 7 spell levels left.
You knew the following spells:

 Your Spells              Type           Power        Failure   Level  Hunger
b - Ensorcelled Hibernat  Hex/Ice        ###...       1%          2    N/A
c - Confuse               Hex            ####....     1%          3    N/A
d - Tukima's Dance        Hex            ####....     1%          3    N/A
g - Dazzling Spray        Conj/Hex       ###...       2%          3    N/A

Dungeon Overview and Level Annotations

Branches:
Dungeon (11/15)            Temple (0/1) D:5            Lair (2/6) D:10
    Orc (0/2) D:10
  Swamp: Lair:2-4    Shoals: Lair:2-4     Snake: Lair:2-4    Spider: Lair:2-4

Altars:
Ashenzari
Dithmenos
Elyvilon
Fedhas
Gozag
Hepliaklqana
Kikubaaqudgha
Okawaru
Qazlal
Trog
Vehumet
Xom

Annotations:
D:10 2 runed doors, exclusions: gargoyle and orange crystal statue, PipsiMox's ghost, journeyman GnFi
D:11 Snorg


Innate Abilities, Weirdness & Mutations

You do not eat or drink.
Your flesh is vulnerable to fire.
You are immune to poison.
Your flesh is cold resistant. (rC+)
You are immune to negative energy. (rN+++)
You are immune to unholy pain and torment.
You can survive without breathing.


Message History

Casting: Ensorcelled Hibernation
Confirm with . or Enter, or press ? or * to list all spells.
Aiming: Ensorcelled Hibernation
Press: ? - help, Shift-Dir - straight line, f/p - komodo dragon
Aim: a komodo dragon (chance to defeat MR: 35%)
The komodo dragon easily resists.
The komodo dragon bites you but does no damage.
Unknown command.
The komodo dragon bites you!
* * * LOW HITPOINT WARNING * * *
The komodo dragon hisses menacingly.
The komodo dragon hisses menacingly.
Casting: Ensorcelled Hibernation
Confirm with . or Enter, or press ? or * to list all spells.
Aiming: Ensorcelled Hibernation
Press: ? - help, Shift-Dir - straight line, f/p - komodo dragon
Aim: a komodo dragon (chance to defeat MR: 35%)
The komodo dragon easily resists.
The komodo dragon bites you!!
You die...
Your body crumbles into a pile of gold.

.#........##.P.....#......#..##
.#........####<....#......#..P#
.#........# ##.....#......#..##
...######.###......+......#..#
#..# #..##......#......#..#
.#.# #.#.#.......P+###....#
#+.## ###....................#
.#..###P..#...P..............#
#...............@....P#.#....#
...........%P....l...####....#
#.....................##.....##
.....................####.....#
#...P..#.##..........####.....#
.#..#.............P..........##
#...............%....#.......#
....P......#........##.......#
#...#......#.......###....>..##


You could see a komodo dragon.

Vanquished Creatures
  The ghost of SeriousVitamin the Cleaver, a journeyman DDFi of Makhleb (Lair:1)
  3 two-headed ogres
  2 spiny frogs (Lair:1)
  A komodo dragon (Lair:2)
  2 trolls (D:9)
  The ghost of Nicoed the Charmwright, an amateur GnSk (D:3)
  Grinder (D:4)
  3 hippogriffs
  8 yaks
  A spriggan (D:7)
  A wyvern (Lair:1)
  A basilisk (Lair:1)
  2 wargs (D:10)
  3 porcupines (Lair:2)
  4 water moccasins
  6 orc warriors
  5 black bears
  2 hell hounds (D:10)
  4 sky beasts
  A hornet zombie (D:11)
  2 phantoms
  An eye of draining (D:11)
  A boggart (shapeshifter) (D:5)
  5 ogres
  8 centaurs
  5 crocodiles
  4 big kobolds
  6 bullfrogs
  2 wyvern zombies
  2 scorpions
  A wyvern skeleton (D:10)
  7 howler monkeys
  4 crimson imps
  3 bullfrog zombies
  7 hounds
  A jelly (D:9)
  A quasit (D:8)
  11 orc priests
  2 centaur skeletons
  A gnoll shaman (D:8)
  2 iguanas
  12 orc wizards
  6 worker ants
  A hound zombie (D:5)
  A hound skeleton (D:6)
  12 adders
  5 gnolls
  2 shadow imps
  An adder skeleton (D:4)
  2 worms
  3 dart slugs
  9 leopard geckos
  55 orcs
  9 giant cockroaches
  15 hobgoblins
  15 jackals
  27 kobolds
  6 quokkas
  11 bats
  4 frilled lizards
  13 goblins
  7 rats
344 creatures vanquished.

Vanquished Creatures (collateral kills)
  2 gnolls
2 creatures vanquished.

Vanquished Creatures (others)
  3 dancing weapons
  An orc wizard (D:8)
  2 fungi
  A plant (Lair:2)
7 creatures vanquished.

Grand Total: 353 creatures vanquished

Notes
Turn   | Place    | Note
-------+----------+-------------------------------------------
     0 | D:1      | mopl the Mummy Enchanter began the quest for the Orb.
     0 | D:1      | Reached XP level 1. HP: 13/13 MP: 4/4
   452 | D:1      | Reached skill level 1 in Short Blades
   452 | D:1      | Reached XP level 2. HP: 5/19 MP: 3/5
   685 | D:1      | Learned a level 2 spell: Ensorcelled Hibernation
   887 | D:1      | Reached skill level 3 in Spellcasting
   906 | D:1      | Reached skill level 3 in Hexes
  1027 | D:1      | Reached XP level 3. HP: 14/24 MP: 1/7
  1032 | D:1      | Learned a level 3 spell: Confuse
  1646 | D:2      | Reached skill level 3 in Stealth
  1666 | D:2      | Reached XP level 4. HP: 15/30 MP: 3/8
  1818 | D:2      | Learned a level 3 spell: Tukima's Dance
  2012 | D:2      | Found a shattered altar of Ashenzari.
  2514 | D:3      | Reached XP level 5. HP: 35/35 MP: 7/10
  2538 | D:3      | Reached skill level 1 in Ice Magic
  2693 | D:3      | Noticed Nicoed's ghost (amateur GnSk)
  3850 | D:3      | Noticed Grinder
  3869 | D:3      | Reached skill level 4 in Hexes
  4481 | D:4      | Found a shimmering altar of Xom.
  4492 | D:4      | Noticed a phantom
  4718 | D:4      | Killed a phantom
  4718 | D:4      | Reached skill level 4 in Spellcasting
  4718 | D:4      | Reached XP level 6. HP: 41/41 MP: 5/12
  4723 | D:4      | Learned a level 3 spell: Dazzling Spray
  5075 | D:4      | Reached skill level 2 in Short Blades
  5075 | D:4      | Reached skill level 4 in Stealth
  5156 | D:4      | Found an iron altar of Okawaru.
  5256 | D:4      | Reached XP level 7. HP: 46/46 MP: 13/13
  5701 | D:4      | Reached skill level 1 in Conjurations
  6017 | D:5      | Entered Level 5 of the Dungeon
  6041 | D:5      | Reached skill level 2 in Ice Magic
  6192 | D:4      | Reached skill level 5 in Hexes
  6779 | D:5      | Found a staircase to the Ecumenical Temple.
  6883 | D:5      | Reached skill level 5 in Stealth
  6919 | D:5      | Reached XP level 8. HP: 46/52 MP: 7/14
  7197 | D:6      | Got a distressingly furry ring mail
  7203 | D:6      | Found a bloodstained altar of Trog.
  7212 | D:6      | Reached skill level 3 in Short Blades
  7212 | D:6      | Reached skill level 2 in Conjurations
  7476 | D:6      | Found a hazy altar of Hepliaklqana.
  8130 | D:5      | Reached skill level 6 in Hexes
  8130 | D:5      | Reached skill level 3 in Ice Magic
  8638 | D:7      | Reached skill level 6 in Stealth
  8734 | D:7      | Reached XP level 9. HP: 57/57 MP: 15/15
  9383 | D:7      | Reached skill level 3 in Conjurations
  9712 | D:7      | Got a faintly glowing leather armour
  9848 | D:7      | Found an opulent altar of Gozag.
  9889 | D:7      | Became a worshipper of Gozag Ym Sagoz the Greedy
  9898 | D:7      | Found a shadowy altar of Dithmenos.
  9902 | D:7      | Reached skill level 7 in Hexes
  9942 | D:7      | Reached skill level 4 in Short Blades
 10273 | D:7      | Reached skill level 7 in Stealth
 10799 | D:8      | Reached skill level 4 in Ice Magic
 11157 | D:8      | Identified a scroll of acquirement
 11537 | D:8      | Found a blossoming altar of Fedhas.
 11770 | D:9      | Found a white marble altar of Elyvilon.
 12196 | D:9      | Reached XP level 10. HP: 63/63 MP: 16/16
 12432 | D:9      | Reached skill level 4 in Conjurations
 12510 | D:9      | Reached skill level 8 in Hexes
 12533 | D:9      | Found a stormy altar of Qazlal.
 12585 | D:9      | Reached skill level 8 in Stealth
 12804 | D:9      | Found a radiant altar of Vehumet.
 12804 | D:9      | Found an ancient bone altar of Kikubaaqudgha.
 12829 | D:10     | Entered Level 10 of the Dungeon
 12829 | D:10     | Found a staircase to the Lair.
 12905 | D:10     | Found a staircase to the Orcish Mines.
 13042 | D:10     | Reached skill level 5 in Short Blades
 13129 | D:10     | Noticed a gargoyle
 13189 | D:10     | Noticed PipsiMox's ghost (journeyman GnFi)
 13398 | D:4      | Killed Grinder
 13512 | D:3      | Killed Nicoed's ghost
 13951 | D:10     | Found a runed door.
 13965 | D:10     | Found the +10 large shield of Ignorance {rN+ Int-4}
 13971 | D:10     | Found a runed door.
 13977 | D:10     | Noticed an orange crystal statue
 14226 | D:10     | Noticed a two-headed ogre
 14292 | D:10     | Killed a two-headed ogre
 14292 | D:10     | Reached skill level 9 in Stealth
 14292 | D:10     | Reached skill level 9 in Hexes
 14507 | D:11     | Noticed Snorg
 14529 | D:11     | Noticed a two-headed ogre
 14764 | D:11     | Identified the +3 leather armour of Magic {MR++} (You took it off an orc on level 7 of the Dungeon)
 14774 | D:11     | Identified the +2 ring mail "Putecw" {Int+2} (You found it on level 6 of the Dungeon)
 15266 | D:10     | Killed a two-headed ogre
 15266 | D:10     | Reached XP level 11. HP: 17/68 MP: 9/17
 16076 | D:11     | Got a pair of brightly glowing gloves
 16087 | D:11     | Identified the cursed -6 pair of gloves of Moiczod {rElec Dex-4 SInv} (You found it on level 11 of the Dungeon)
 16279 | D:11     | Found an iron altar of Okawaru.
 16285 | D:11     | Noticed a two-headed ogre
 16293 | D:11     | Killed a two-headed ogre
 16910 | Lair:1   | Entered Level 1 of the Lair of Beasts
 16924 | D:10     | Reached skill level 6 in Short Blades
 17254 | Lair:1   | Reached skill level 10 in Hexes
 17316 | Lair:1   | Noticed SeriousVitamin's ghost (journeyman DDFi)
 18110 | Lair:1   | Killed SeriousVitamin's ghost
 18110 | Lair:1   | Reached skill level 10 in Stealth
 19208 | Lair:2   | Noticed a four-headed hydra
 19680 | Lair:1   | Demolished by a komodo dragon

Skill      XL: |  1  2  3  4  5  6  7  8  9 10 11 |
---------------+----------------------------------+-----
Short Blades   | 1 2 3 4 5 6 |  6.6
Spellcasting   | 3 4 |  4.0
Hexes          | 3 4 5 6 7 9 10 | 10.7
Stealth        | 3 4 5 6 7 9 10 | 10.5
Ice Magic      | 1 2 3 4 |  4.0
Conjurations   | 1 2 3 4 |  4.0
Dodging        | |  1.5

Action                   |  1- 3 |  4- 6 |  7- 9 | 10-12 || total
-------------------------+-------+-------+-------+-------++-------
Melee: Dagger            |   124 |   164 |   475 |   318 ||  1081
       Short sword       |       |    73 |       |       ||    73
       Rapier            |       |       |       |    25 ||    25
 Fire: Blowgun           |       |    19 |     2 |       ||    21
 Cast: Corona            |     6 |       |       |       ||     6
       Ensorcelled Hiber |    15 |    45 |    64 |   118 ||   242
       Confuse           |       |    21 |    37 |    42 ||   100
       Tukima's Dance    |       |     3 |     2 |     8 ||    13
       Dazzling Spray    |       |       |    14 |     3 ||    17
Evoke: Wand              |       |       |       |     6 ||     6
  Use: Scroll            |       |       |     7 |    14 ||    21
 Stab: Sleeping          |     9 |    36 |    48 |    62 ||   155
       Confused          |       |     6 |    12 |    14 ||    32
       Paralysed         |       |     1 |     1 |     3 ||     5
       Distracted        |       |       |     4 |     4 ||     8
       Invisible         |       |       |     4 |       ||     4
       Petrifying        |       |       |     1 |       ||     1
Armor: Robe              |    35 |    57 |   138 |    81 ||   311
       Skin              |       |       |       |    10 ||    10
Dodge: Dodged            |    84 |   168 |   243 |   206 ||   701
